 Dungeon Sprint DCSS version 0.28.0-53-g5a82cb258f (webtiles) character file.

Game seed: 16329349615504263791

253 Zeld the Fighter (level 5, -11/85 HPs)
             Began as a Minotaur Berserker on May 29, 2022.
             Was a Priest of Trog.
             Mangled by a killer bee (14 damage)
             ... in the Dungeon (Sprint IV: "Fedhas' Mad Dash").
             The game lasted 00:00:32 (496 turns).

Zeld the Fighter (Minotaur Berserker)                Turns: 496, Time: 00:00:32

Health: -11/85     AC:  2    Str: 23    XL:     5   Next: 90%
Magic:  2/4        EV: 13    Int:  4    God:    Trog [***...]
Gold:   72         SH:  0    Dex: 10    Spells: 4/4 levels left

rFire   . . .      SeeInvis .   a - +0 hand axe
rCold   . . .      Faith    .   (no shield)
rNeg    . . .      Spirit   .   b - +0 animal skin
rPois   .          Reflect  .   (helmet restricted)
rElec   .          Harm     .   (no cloak)
rCorr   .          Rampage  .   (no gloves)
Will    .....      NoTele   +   (no boots)
Stlth   ..........              j - amulet of invisibility {+Inv}
HPRegen 0.24/turn               (no ring)
MPRegen 0.09/turn               (no ring)

@: berserking, lethally poisoned (-11 -> -18), very slightly contaminated,
invisible (expiring), very quick
A: horns 2, retaliatory headbutt
a: Renounce Religion, Evoke Invisibility, Berserk, Trog's Hand


You were in the Dungeon.
You worshipped Trog.
Trog was most pleased with you.
You visited 1 branch You collected 72 gold pieces.

Inventory:

Hand Weapons
 a - a +0 hand axe (weapon)
Armour
 b - a +0 animal skin (worn)
Jewellery
 j - the amulet of invisibility (around neck) {+Inv}
   (You found it in the Dungeon)

   [amulet of nothing]

   +Inv:      It lets you turn invisible.
Scrolls
 h - a scroll of blinking
 i - a scroll of identify {unknown}
Potions
 c - a potion of curing
 d - a potion of heal wounds
 e - a potion of haste
 f - 2 potions of magic
 g - a potion of berserk rage


   Skills:
 * Level 9.3 Fighting
 * Level 9.2 Axes
 + Level 6.4 Armour
 + Level 5.8 Dodging


You had 4 spell levels left.
You didn't know any spells.
Your spell library was empty.

Dungeon Overview and Level Annotations

Branches:
Dungeon (1/1)

Altars:


Innate Abilities, Weirdness & Mutations

You have a pair of horns on your head.
You reflexively headbutt those who attack you in melee.


Message History

You hit the killer bee. You closely miss the killer bee.
You feel sick. The killer bee barely misses you. You furiously retaliate!
You headbutt the killer bee! The killer bee barely misses you.
Unknown command.
You catch the helpless queen bee completely off-guard!
You slash the queen bee!
The queen bee is moderately wounded.
You hit the killer bee.
You strike the helpless killer bee from behind!
You slash the killer bee!
You kill the killer bee!
Trog accepts your kill.
You feel sick. The killer bee stings you!
* * * LOW HITPOINT WARNING * * *
Your Fighting skill increases to level 9!
Your Axes skill increases to level 9!
Unknown command.
You slash the queen bee!
The queen bee is severely wounded.
You miss the killer bee.
* * * LOW HITPOINT WARNING * * *
You feel sick. The killer bee closely misses you.
Unknown command.
Unknown command.
You closely miss the queen bee.
The queen bee is severely wounded.
You miss the killer bee.
* * * LOW HITPOINT WARNING * * *
You feel sick. The killer bee closely misses you.
The queen bee calls on the killer bee to defend it!
The killer bee goes berserk!
Unknown command.
Unknown command.
You catch the helpless queen bee completely off-guard!
You hit the queen bee.
The queen bee is severely wounded.
You closely miss the killer bee.
* * * LOW HITPOINT WARNING * * *
You feel sick. The killer bee barely misses you. The killer bee stings you!
You die...

##################
#<..P#.....#.....#
#PP..'.÷...'†#...+
#PPPP#.....#.#...#
###############'##
#...♣†.......'...#
#....@.♣.....#...#
#...yy♣..♣..######
##+####+#####


You could see a queen bee and a killer bee (berserk).

Vanquished Creatures
  A scorpion (D)
  3 killer bees (D)
  2 oklob saplings (D)
  A river rat (D)
  A rat (D)
8 creatures vanquished.

Notes
Turn   | Place    | Note
-------+----------+-------------------------------------------
     0 | D        | Zeld the Minotaur Berserker began the quest for the Orb.
     0 | D        | Reached XP level 1. HP: 19/19 MP: 0/0
    14 | D        | Reached XP level 2. HP: 18/28 MP: 1/1
   171 | D        | Noticed an oklob sapling
   171 | D        | Noticed a scorpion
   175 | D        | Killed an oklob sapling
   175 | D        | Reached ** piety under Trog
   176 | D        | Reached skill level 5 in Fighting
   176 | D        | Reached skill level 5 in Axes
   176 | D        | Reached XP level 3. HP: 37/37 MP: 2/2
   177 | D        | Killed a scorpion
   178 | D        | Reached XP level 4. HP: 47/47 MP: 3/3
   180 | D        | Found the amulet of invisibility {+Inv}
   353 | D        | Reached skill level 5 in Armour
   480 | D        | Noticed a queen bee
   488 | D        | Reached skill level 5 in Dodging
   488 | D        | Reached XP level 5. HP: 45/53 MP: 1/4
   489 | D        | Reached *** piety under Trog
   495 | D        | HP: 4/85 [poisoned by a queen bee]
   496 | D        | Mangled by a killer bee

Illustrated notes

Levels and vault maps discovered:
D:        dungeon_sprint_fedhas [sprint_temple]

Skill      XL: |  1  2  3  4  5 |
---------------+----------------+-----
Fighting       | 4 5 7 8 9 |  9.3
Axes           | 4 5 7 8 9 |  9.2
Armour         | 3 4 5 6 |  6.4
Dodging        | 3 4 5 |  5.8

Action                   |  1- 3 |  4- 6 || total
-------------------------+-------+-------++-------
Melee: Hand axe          |    11 |    11 ||    22
       Headbutt          |       |     1 ||     1
Invok: Berserk           |     2 |     1 ||     3
 Abil: Evoke Invisibilit |       |     2 ||     2
 Stab: Sleeping          |       |     1 ||     1
       Invisible         |       |     4 ||     4
Armor: Animal skin       |     2 |       ||     2
Dodge: Dodged            |     9 |    14 ||    23
